 Dungeon Crawl Stone Soup version 0.24.0-123-gd5b16e6ec5 (webtiles) character file.

Game seed: 3762941657947487223, levelgen mode: deterministic

89 FishyPogo the Skirmisher (level 4, 0/29 HPs)
             Began as a Gargoyle Fighter on Dec 19, 2019.
             Was an Initiate of the Shining One.
             Slain by Natasha (4 damage)
             ... on level 3 of the Dungeon.
             The game lasted 00:03:51 (1056 turns).

FishyPogo the Skirmisher (Gargoyle Fighter)         Turns: 1056, Time: 00:03:51

Health: 0/29       AC: 10    Str: 21    XL:     4   Next: 55%
Magic:  4/4        EV:  7    Int:  8    God:    the Shining One [......]
Gold:   67         SH:  9    Dex:  9    Spells: 3/3 levels left

rFire    . . .     SeeInvis .   a - +0 war axe
rCold    . . .     Gourm    .   c - +0 shield
rNeg     + . .     Faith    .   b - +0 scale mail
rPois    ∞         Spirit   .   (no helmet)
rElec    +         Reflect  .   (no cloak)
rCorr    .         Harm     .   (no gloves)
MR       .....                  (no boots)
Stlth    ..........             (no amulet)
HPRegen  0.09/turn              (no ring)
MPRegen  0.09/turn              (no ring)

@: glowing
A: negative energy resistance 1, electricity resistance, unbreathing,
petrification resistance, rot immunity, AC +3
a: Renounce Religion


You were on level 3 of the Dungeon.
You worshipped the Shining One.
The Shining One was noncommittal.
You were not hungry.

You visited 1 branch of the dungeon, and saw 3 of its levels.

You collected 67 gold pieces.

Inventory:

Hand Weapons
 a - a +0 war axe (weapon)
Missiles
 h - 11 poisoned darts (quivered)
 i - 24 stones
Armour
 b - a +0 scale mail (worn)
 c - a +0 shield (worn)
Scrolls
 l - 2 scrolls of remove curse {unknown}
 m - a scroll of noise {unknown}
Potions
 d - a potion of might
 j - a potion of lignification {unknown}
 k - a potion of haste {unknown}
 n - a potion of invisibility
 o - a potion of agility
 t - a potion of magic
 u - a potion of heal wounds {unknown}
Comestibles
 f - 5 rations
 g - 7 chunks of flesh


   Skills:
 * Level 4.1 Fighting
 * Level 2.9 Axes
 + Level 3.7 Armour
 + Level 3.7 Shields
 + Level 0.0 Invocations


You had 3 spell levels left.
You didn't know any spells.
Your spell library was empty.

Dungeon Overview and Level Annotations

Branches:
Dungeon (3/15)

Altars:
Cheibriados
Elyvilon
Hepliaklqana
Qazlal
Ru
Trog
Wu Jian
Zin
The Shining One

Annotations:
D:3 Natasha


Innate Abilities, Weirdness & Mutations

You are resistant to torment.
Your stone body is resilient. (AC +3)
You are immune to poison.
You resist negative energy. (rN+)
You are resistant to electric shocks. (rElec)
You can survive without breathing.
You are immune to petrification.
You are immune to rotting.


Message History

Natasha stares at you and mumbles some strange words.
You resist with some effort.
You miss Natasha.
Natasha is heavily wounded.
Natasha casts a spell at you. The magic dart hits you.
You block Natasha's attack.
You hit Natasha.
Natasha is heavily wounded.
Natasha stares at you and mumbles some strange words.
The magic dart hits you.
* * * LOW HITPOINT WARNING * * *
You barely miss Natasha.
Natasha is heavily wounded.
Natasha claws you.
* * * LOW HITPOINT WARNING * * *
You block Natasha's attack.
You barely miss Natasha.
Natasha is heavily wounded.
Natasha claws you.
You die...

#........
#........
#........
#........
#######.##........
#§§§§............%
##########........
#........'@h......
##.#######........
#.##.# #........
#....# ########.
####.# #.# #######
#.# #.....#####
### # #.#
#.....#.#_###_#_##
#.#
#.....8.#.#.#[#.⌠#


You could see Natasha.

Vanquished Creatures
  3 gnolls (D:2)
  2 oozes
  A worm (D:2)
  2 dart slugs (D:1)
  A leopard gecko (D:1)
  3 giant cockroaches
  7 goblins
  5 hobgoblins
  9 kobolds
  4 bats
  4 frilled lizards
  7 rats
48 creatures vanquished.

Notes
Turn   | Place    | Note
-------+----------+-------------------------------------------
     0 | D:1      | FishyPogo the Gargoyle Fighter began the quest for the Orb.
     0 | D:1      | Reached XP level 1. HP: 14/14 MP: 1/1
    58 | D:1      | Reached XP level 2. HP: 19/19 MP: 2/2
   338 | D:1      | Reached XP level 3. HP: 24/24 MP: 3/3
   865 | D:2      | Reached skill level 4 in Fighting
   865 | D:2      | Reached XP level 4. HP: 23/29 MP: 4/4
   925 | D:2      | Found a snail-covered altar of Cheibriados.
   987 | D:3      | Found a glowing golden altar of the Shining One.
   992 | D:3      | Found a stormy altar of Qazlal.
   993 | D:3      | Found a sacrificial altar of Ru.
   993 | D:3      | Found a bloodstained altar of Trog.
   994 | D:3      | Found a hazy altar of Hepliaklqana.
   995 | D:3      | Found an ornate altar of the Wu Jian Council.
   996 | D:3      | Found a glowing silver altar of Zin.
   997 | D:3      | Found a white marble altar of Elyvilon.
  1003 | D:3      | Became a worshipper of the Shining One
  1043 | D:3      | Noticed Natasha
  1056 | D:3      | Slain by Natasha

Levels and vault maps discovered:
D:1:      dpeg_arrival_lava_altar, layout_basic, minmay_tripent
D:2:      layout_basic, first_ration, lemuel_statue_altar
D:3:      layout_basic, minitemple, portal_sewer_entry_b, uniq_natasha

Skill      XL: |  1  2  3 |
---------------+----------+-----
Axes           | 2 |  2.9
Fighting       | 4 |  4.1
Armour         | |  3.7
Shields        | |  3.7

Action                   |  1- 3 |  4- 6 || total
-------------------------+-------+-------++-------
Melee: War axe           |   141 |    28 ||   169
  Use: Scroll            |       |     7 ||     7
  Eat: Chunk             |       |     1 ||     1
Armor: Scale mail        |    63 |    10 ||    73
Dodge: Dodged            |    41 |     8 ||    49
Block: Shield            |    76 |    14 ||    90
